 Dungeon Crawl Stone Soup version 0.30.0-10-gfe55d96785 (webtiles) character file.

Game seed: 4386289385030415246

11592 McKennaii the Destroyer (level 11, -4/74 HPs)
             Began as a Demigod Conjurer on May 14, 2023.
             Blown up by a lich (62 damage)
             ... with an orb of destruction
             ... on level 10 of the Dungeon.
             The game lasted 00:16:11 (13328 turns).

McKennaii the Destroyer (Demigod Conjurer)         Turns: 13328, Time: 00:16:12

Health: -4/74      AC:  6    Str: 13    XL:     11   Next: 27%
Magic:  33/39      EV: 11    Int: 36    God:
Gold:   399        SH:  0    Dex:  7    Spells: 25/32 levels left

rFire   . . .        E - +4 great sword (freeze)
rCold   . . .        (shield currently unavailable)
rNeg    + + +        t - +0 steam dragon scales
rPois   +            (no helmet)
rElec   .            (no cloak)
rCorr   .            I - +0 pair of gloves of the Furrier {+Inv rN+++ Int-2}
SInv    .            (no boots)
Will    +....        G - amulet of the acrobat
Stlth   +            w - ring "Vuguaraw" {rPois MP+9 Str+5 Dex-5}
HPRegen 0.32/turn    g - +6 ring of intelligence
MPRegen 0.26/turn

%: acrobat
@: slowed, very slow
A: high MP 1, forlorn, divine attributes
a: Evoke Invisibility


You were on level 10 of the Dungeon.
You visited 1 branch of the dungeon, and saw 11 of its levels.

You collected 767 gold pieces.
You spent 368 gold pieces at shops.

Inventory:

Hand Weapons
 E - a +4 great sword of freezing (weapon)
Armour
 o - the +0 robe of the Harvest Moon {Int+4}
   (You found it on level 10 of the Dungeon)

   Int:       It affects your intelligence (+4).
 t - +0 steam dragon scales (worn)
 I - the +0 pair of gloves of the Furrier (worn) {+Inv rN+++ Int-2}
   (You found it on level 10 of the Dungeon)

   Int:       It affects your intelligence (-2).
   rN:        It renders you almost immune to negative energy.
   +Inv:      It lets you turn invisible.
Jewellery
 g - a +6 ring of intelligence (right hand)
 w - the ring "Vuguaraw" (left hand) {rPois MP+9 Str+5 Dex-5}
   (You found it on level 5 of the Dungeon)

   [ring of magical power]

   Str:       It affects your strength (+5).
   Dex:       It affects your dexterity (-5).
   rPois:     It protects you from poison.
   MP:        It affects your magic capacity (+9).
 G - an amulet of the acrobat (around neck)
Wands
 h - a wand of flame (20)
 A - a wand of roots (6)
 C - a wand of polymorph (2)
 D - a wand of charming (6)
Scrolls
 a - a scroll of immolation
 d - 5 scrolls of poison
 e - a scroll of teleportation
 f - 2 scrolls of magic mapping
 k - 2 scrolls of silence
 l - 3 scrolls of fog
 q - 2 scrolls of fear
 v - a scroll of butterflies {unknown}
 y - 2 scrolls of blinking {unknown}
 H - 2 scrolls of enchant weapon {unknown}
Potions
 b - 2 potions of magic
 c - 2 potions of lignification
 i - 2 potions of haste
 j - 14 potions of curing
 m - a potion of might
 n - 3 potions of mutation
 p - 2 potions of heal wounds {unknown}
 r - 4 potions of invisibility {unknown}
 s - 5 potions of ambrosia
 u - a potion of resistance {unknown}
 x - 2 potions of brilliance {unknown}
 z - 3 potions of attraction {unknown}
 B - a potion of cancellation {unknown}
 F - a potion of flight {unknown}


   Skills:
 - Level 1.7 Dodging
 - Level 1.7 Stealth
 + Level 11.2 Spellcasting
 + Level 12.5 Conjurations


You had 25 spell levels left.
You knew the following spells:

 Your Spells              Type           Power      Damage    Failure   Level
a - Magic Dart            Conj           100%       1d8       0%          1
b - Searing Ray           Conj           100%       2d8       1%          2
c - Iskenderun's Mystic   Conj/Tloc      60%        2d13      1%          4

Your spell library contained the following spells:

 Spells                   Type           Power      Damage    Failure   Level
 Sting                    Tmut/Pois      80%        1d7       1%          1
 Dazzling Flash           Conj/Hex       100%       N/A       1%          3
 Fulminant Prism          Conj/Hex       30%        3d15      1%          4
 Blink                    Tloc           40%        N/A       3%          2
 Poisonous Vapours        Pois/Air       40%        N/A       3%          2
 Sublimation of Blood     Necr           20%        N/A       3%          2
 Irradiate                Conj/Tmut      30%        3d21      4%          5
 Inner Flame              Hex/Fire       20%        N/A       6%          3
 Manifold Assault         Tloc           20%        N/A       21%         4
 Olgreb's Toxic Radiance  Pois           20%        N/A       21%         4
 Petrify                  Tmut/Erth      20%        N/A       21%         4
 Yara's Violent Unravell  Hex/Tmut       10%        3d6       50%         5
 Enfeeble                 Hex            10%        N/A       100%        7
 Storm Form               Tmut/Air       10%        N/A       100%        7


Dungeon Overview and Level Annotations

Branches:
Dungeon (11/15)            Temple (0/1) D:7            Lair (0/5) D:8
    Orc (0/2) D:11

Shops:
D:7 !   D:10 (   D:11 :

Annotations:
D:10 1 runed translucent door


Innate Abilities, Weirdness & Mutations

You have an increased reservoir of magic. (+10% MP)
You shall have no god before yourself.
Your divine heritage dramatically boosts your attributes as you level up.


Message History

Casting: Iskenderun's Mystic Blast (dangerous; 1% risk of failure)
Confirm with . or Enter, or press ? or * to list all spells.
You erupt in a blast of force!
The mystic blast hits the lich!!
The lich is moderately damaged.
The lich is knocked back by the mystic blast.
The mystic blast hits the wraith!
The wraith is almost destroyed.
The wraith is knocked back by the mystic blast.
Unknown command.
Hit: E) +4 great sword (freeze)
Press: ? - help, Dir - move target, f - lich
Aim: a lich (moderately damaged, about 53% to evade your +4 great sword of freezing)
Your weapon can't reach that far!
Okay, then.
Casting: Iskenderun's Mystic Blast (dangerous; 1% risk of failure)
Confirm with . or Enter, or press ? or * to list all spells.
Aiming: Searing Ray (safe; 1% risk of failure)
Press: ? - help, Shift-Dir - straight line, f - lich
Aim: a lich (moderately damaged, 83% to hit)
The searing ray hits the wraith.
The wraith is almost destroyed.
The searing ray hits the lich.
The lich is moderately damaged. (Press . to maintain the ray.)
The lich gestures wildly while chanting.
The lich flickers and vanishes!
Deactivating autopickup; reactivate with Ctrl-A.
The wraith hits you.
Unknown command.
The searing ray hits the wraith!
You destroy the wraith!
The searing ray hits something.
You feel as though you will be slow longer.
Something conjures a glowing orb.
An orb of destruction comes into view.
Unknown command.
Unknown command.
The orb of destruction hits you!!!
Ouch! That really hurt!
You die...

..#####8.##.....# #.#.#.# #.....
....#8..W#..⌠.### #.#.#.# ####.#
..#####8W##.....####.#.#.# #.#
.##......z#####.##.#.#.#.# #.#
####..#8...Z♣.#.##.#.#.#.# #.#
##.##..♣Vs.'.{.Z....#.# #.#
.......####○#.#.#.#.# #.#
######### #○#.#.#.#.# #.#
#.####.## #@#.#.#.#.# #.#
##...##..######.#.#.#.# #.#
#..#.......[....#.#.#.# #.#
#..#.###.#####..#.#.#.# #.#
#..#..##.# #......#.#.# ####.#
####..#..##.# #.#......#.# #....#
......#.....###'#.######.###.##.#
......#.###..................####
......#.# #........#####........#


There were no monsters in sight!

Vanquished Creatures
  A two-headed ogre (D:9)
  The ghost of Kiewk the Summoner, a journeyman VSSu of Sif Muna (D:10)
  A skeletal warrior (D:10)
  The ghost of Zlot the Chucker, a novice DsBr (D:8)
  The ghost of Peon the Protected, a novice MiBe of Trog (D:6)
  A necromancer (D:10)
  2 wolf spiders (D:10)
  The ghost of Gabide the Trooper, a novice OgGl of Elyvilon (D:7)
  A queen bee (D:7)
  2 hornets
  A troll (D:10)
  A centaur simulacrum (D:10)
  A slime creature (D:8)
  2 shadows
  2 wyverns (D:8)
  A vampire (D:10)
  5 wraiths
  A basilisk (D:8)
  4 steam dragons
  An acid dragon (D:9)
  5 water moccasins (D:8)
  5 orc warriors
  A sky beast (D:8)
  4 black bears
  2 ice beasts
  2 wolves (D:8)
  3 centaurs
  A phantom (D:6)
  3 kobold brigands
  A gnoll sergeant (D:9)
  A bullfrog (D:5)
  2 scorpions
  4 wights
  6 killer bees (D:7)
  A howler monkey (D:10)
  A sleepcap (D:6)
  5 hounds
  4 jellies (D:8)
  5 orc priests
  4 iguanas
  8 orc wizards
  6 gnolls
  2 adders (D:2)
  A shadow imp (D:7)
  A white imp (D:5)
  3 ufetubi
  4 worms
  A dart slug (D:1)
  26 orcs
  5 ball pythons
  5 endoplasms
  4 giant cockroaches
  10 goblins
  8 hobgoblins
  8 jackals
  19 kobolds
  6 quokkas
  9 bats
  5 frilled lizards
  3 rats
225 creatures vanquished.

Notes
Turn   | Place    | Note
-------+----------+-------------------------------------------
     0 | D:1      | McKennaii the Demigod Conjurer began the quest for the Orb.
     0 | D:1      | Reached XP level 1. HP: 14/14 MP: 5/5
   508 | D:1      | Reached XP level 2. HP: 20/20 MP: 4/7
   735 | D:1      | Reached skill level 4 in Conjurations
  1353 | D:1      | Reached XP level 3. HP: 22/26 MP: 2/9
  2229 | D:3      | Reached XP level 4. HP: 21/33 MP: 0/11
  2748 | D:3      | Learned a level 2 spell: Searing Ray
  3483 | D:4      | Reached skill level 5 in Conjurations
  3483 | D:4      | Reached XP level 5. HP: 30/38 MP: 9/13
  4119 | D:4      | Noticed a black bear
  4124 | D:4      | Killed a black bear
  4125 | D:4      | Reached XP level 6. HP: 45/45 MP: 8/15
  4457 | D:5      | Entered Level 5 of the Dungeon
  4746 | D:5      | Reached skill level 6 in Conjurations
  4752 | D:5      | Learned a level 4 spell: Iskenderun's Mystic Blast
  5326 | D:5      | Reached XP level 7. HP: 50/50 MP: 9/17
  5450 | D:5      | Identified the ring "Vuguaraw" {rPois MP+9 Str+5 Dex-5}
  5557 | D:5      | Reached skill level 5 in Spellcasting
  5664 | D:6      | Found a runed translucent gate.
  5665 | D:6      | Found a runed translucent gate.
  5666 | D:6      | Found a runed translucent gate.
  5677 | D:6      | Noticed a shadow
  5711 | D:6      | Noticed a steam dragon
  5719 | D:6      | Killed a steam dragon
  6002 | D:6      | Reached skill level 7 in Conjurations
  6283 | D:6      | Noticed Peon's ghost (novice MiBe)
  6618 | D:7      | Noticed a steam dragon
  6626 | D:7      | Killed a steam dragon
  6627 | D:7      | Reached XP level 8. HP: 16/57 MP: 19/20
  6814 | D:7      | Found Icwocaj's Distillery.
  6832 | D:7      | Bought a potion of curing for 48 gold pieces
  6832 | D:7      | Bought a potion of degeneration for 16 gold pieces
  6833 | D:7      | Bought a potion of curing for 48 gold pieces
  6833 | D:7      | Bought a potion of ambrosia for 128 gold pieces
  6833 | D:7      | Bought a potion of mutation for 128 gold pieces
  7026 | D:7      | Found a staircase to the Ecumenical Temple.
  7063 | D:7      | Noticed a queen bee
  7064 | D:7      | Noticed a hornet
  7078 | D:7      | Found a transporter.
  7083 | D:7      | Found a transporter.
  7083 | D:7      | Noticed Gabide's ghost (novice OgGl)
  7446 | D:8      | Reached skill level 8 in Conjurations
  7533 | D:8      | Found a runed translucent gate.
  7534 | D:8      | Found a runed translucent gate.
  7536 | D:8      | Found a runed translucent gate.
  7536 | D:8      | Noticed a slime creature
  7584 | D:8      | Noticed a hornet
  7599 | D:8      | Killed a hornet
  7805 | D:8      | Reached XP level 9. HP: 34/62 MP: 23/24
  7932 | D:8      | Reached skill level 9 in Conjurations
  8412 | D:8      | Found a staircase to the Lair.
  8730 | D:8      | Noticed Zlot's ghost (novice DsBr)
  9157 | D:9      | Reached skill level 10 in Conjurations
  9557 | D:9      | Noticed a two-headed ogre
  9810 | D:9      | Killed a two-headed ogre
  9811 | D:9      | Reached XP level 10. HP: 69/69 MP: 13/27
 10175 | D:10     | Entered Level 10 of the Dungeon
 10280 | D:10     | Found Damasy's Antique Weapon Shop.
 10356 | D:10     | Identified the +0 robe of the Harvest Moon {Int+4}
 10568 | D:10     | Found a runed translucent door.
 10579 | D:10     | Noticed Kiewk's ghost (journeyman VSSu)
 10580 | D:10     | Noticed a wolf spider
 10580 | D:10     | Noticed a skeletal warrior
 10580 | D:10     | Noticed a wolf spider
 10581 | D:10     | Noticed a necromancer
 10584 | D:10     | Noticed a skeletal warrior
 10584 | D:10     | Noticed a lich
 10588 | D:10     | Found a runed translucent door.
 11061 | D:10     | Identified the +0 pair of gloves of the Furrier {+Inv rN+++
                  | Int-2}
 11555 | D:11     | Found Nophuine's Book Shoppe.
 11600 | D:11     | Reached skill level 11 in Conjurations
 11859 | D:11     | Found a staircase to the Orcish Mines.
 11860 | D:11     | Noticed a boulder beetle
 12072 | D:6      | Killed Peon's ghost
 12073 | D:6      | Reached skill level 10 in Spellcasting
 12594 | D:7      | Killed Gabide's ghost
 12807 | D:8      | Killed Zlot's ghost
 12955 | D:10     | Killed a wolf spider
 12956 | D:10     | Reached skill level 12 in Conjurations
 12956 | D:10     | Reached XP level 11. HP: 74/74 MP: 27/30
 12967 | D:10     | Killed a skeletal warrior
 12971 | D:10     | Killed a necromancer
 13116 | D:10     | Killed Kiewk's ghost
 13328 | D:10     | Blown up by a lich

Illustrated notes

Levels and vault maps discovered:
D:1:      roderic_dead_forest, layout_basic, st_stairs_7, patterned_corridor
D:2:      layout_rooms, basic_altar, st_stairs_7, interstate_on_off,
          grunt_decor_fettered
D:3:      layout_loops_ring, serial_bayou_ford_a, minmay_hedge_maze
D:4:      layout_loops_ring, nicolae_vehumet_radiance, kennysheep_little_box
D:5:      layout_gridville, mainiacjoe_overflow_alcove_4, corner_web_ring
D:6:      layout_rooms, gammafunk_ghost_split
D:7:      layout_basic, minmay_temple_entry_fiery, gammafunk_ghost_hive,
          serial_shops, shop
D:8:      layout_basic, old_standard_altar, minmay_lair_entry_grove,
          gammafunk_ghost_ooze
D:9:      layout_cave_pools
D:10:     layout_basic, fedhas_altar_1, serial_shops,
          nicolae_shop_getting_attention, muffindrake_ghost_dual_entry
D:11:     layout_rooms, orc_0_dummy, serial_shops, nicolae_book_shop_shelving,
          minivault_16, uniq_psyche

Skill      XL: |  1  2  3  4  5  6  7  8  9 10 11 |
---------------+----------------------------------+-----
Spellcasting   | 2 3 4 6 7 9 10 11 | 11.2
Conjurations   | 4 5 6 7 8 10 12 | 12.5
Dodging        | |  1.7
Stealth        | |  1.7

Action                     |  1- 3 |  4- 6 |  7- 9 | 10-12 || total
---------------------------+-------+-------+-------+-------++-------
  Melee: Unarmed           |    23 |       |       |       ||    23
         Dagger            |       |    20 |     5 |       ||    25
   Cast: Magic Dart        |   120 |   110 |   135 |    39 ||   404
         Searing Ray       |       |     7 |    45 |    25 ||    77
         Iskenderun's Myst |       |       |    25 |    55 ||    80
  Evoke: Wand              |       |       |     2 |     1 ||     3
    Use: Scroll            |       |       |       |    11 ||    11
 Armour: Robe              |     4 |     5 |     1 |     1 ||    11
         Steam dragon scal |       |       |     8 |       ||     8
  Dodge: Dodged            |    30 |    16 |    37 |    37 ||   120
